 Dungeon Crawl Stone Soup version 0.29.1-15-g9cfb28693d (webtiles) character file.

Game seed: 9905508644566648403

2926 sentinel the Thaumaturge (level 10, 19/78 HPs)
             Began as a Meteoran Earth Elementalist on July 28, 2023.
             Quit the game on level 10 of the Dungeon.
             The game lasted 00:12:11 (1322 turns).

sentinel the Thaumaturge (MeEE)                     Turns: 1322, Time: 00:12:12

Health: 19/78      AC:  6    Str:  9    XL:     10   Next: 27%
Magic:  2/26       EV: 12    Int: 21    God:
Gold:   0          SH:  0    Dex: 16    Spells: 24/31 levels left

rFire   . . .      SeeInvis .   o - +2 triple sword (freeze)
rCold   . . .      Faith    .   (shield currently unavailable)
rNeg    . . .      Spirit   .   a - +0 robe
rPois   .          Reflect  .   (no helmet)
rElec   .          Harm     .   d - +2 cloak
rCorr   +          Rampage  .   v - +0 pair of gloves
Will    ++...                   (no boots)
Stlth   +.........              e - amulet of regeneration
HPRegen 1.03/turn               y - ring of willpower
MPRegen 0.20/turn               k - ring of resist corrosion

@: seriously poisoned (19 -> 4), glowing
A: sense surroundings 2, otherworldly, glowing, explore regen
a: no special abilities


You were on level 10 of the Dungeon.
You visited 2 branches of the dungeon, and saw 12 of its levels.

Inventory:

Hand Weapons
 o - a +2 triple sword of freezing (weapon)
Missiles
 C - 7 boomerangs
Armour
 a - a +0 robe (worn)
 d - a +2 cloak (worn)
 v - a +0 pair of gloves (worn)
Jewellery
 e - an amulet of regeneration (around neck)
 k - a ring of resist corrosion (right hand)
 u - an amulet of the acrobat
 y - a ring of willpower (left hand)
 A - a ring of positive energy
Wands
 V - a wand of flame (16)
Scrolls
 j - a scroll of noise
 m - a scroll of vulnerability
 t - 3 scrolls of teleportation
 z - 2 scrolls of blinking
Potions
 b - a potion of magic
 f - 2 potions of mutation {unknown}
 g - 4 potions of brilliance {unknown}
 h - 2 potions of heal wounds {unknown}
 i - a potion of lignification {unknown}
 l - 2 potions of attraction {unknown}
 n - a potion of might {unknown}
 q - a potion of berserk rage {unknown}
 x - 2 potions of curing {unknown}


   Skills:
 - Level 4.0 Fighting
 - Level 2.4 Dodging
 - Level 1.4 Stealth
 + Level 11.1 Spellcasting
 - Level 3.0 Conjurations
 - Level 7.0 Translocations
 - Level 1.2 Transmutations
 - Level 8.0 Earth Magic


You had 24 spell levels left.
You knew the following spells:

 Your Spells              Type           Power      Damage    Failure   Level
a - Sandblast             Erth           90%        2d19      1%          1
g - Apportation           Tloc           82%        N/A       1%          1
h - Stone Arrow           Conj/Erth      68%        3d11      1%          3
j - Passwall              Tmut/Erth      25%        N/A       1%          2

Your spell library contained the following spells:

 Spells                   Type           Power      Damage    Failure   Level
 Necrotise                Necr           44%        1d6       6%          1
 Summon Small Mammal      Summ           44%        N/A       6%          1
 Petrify                  Tmut/Erth      31%        N/A       9%          4
 Inner Flame              Hex/Fire       11%        N/A       17%         3
 Cause Fear               Hex            5%         N/A       50%         4
 Discord                  Hex            5%         N/A       100%        8


Dungeon Overview and Level Annotations

Branches:
Dungeon (11/15) Zot: 5212  Temple (1/1) D:4 Zot: 588
   Lair: D:8-11         Orc: D:9-12

Altars:
Ashenzari
Elyvilon
Hepliaklqana
Makhleb
Qazlal
Ru
Sif Muna
Trog
Uskayaw
Vehumet
Xom
Yredelemnul

Annotations:
D:10 Amaemon


Innate Abilities, Weirdness & Mutations

You passively map the area around you.
You are easily found by Zot.
You glow in the dark.
You regain HP and MP as you explore.


Message History

Confirm with . or Enter, or press ? or * to list all spells.
Aiming: Stone Arrow (safe; 1% risk of failure)
Press: ? - help, Shift-Dir - straight line, f - wraith
Aim: a wraith (74% to hit)
The stone arrow hits the wraith!
The wraith is moderately damaged.
You feel sick.
The blast of sand hits the wraith!!
You destroy the wraith!
You feel sick.
You are no longer poisoned.
Training target 10.0 for Spellcasting reached!
Your Spellcasting skill increases to level 10!
You need to enable at least one skill for training.
Found an escape hatch in the ceiling.
You see here a troll corpse.
A gnoll comes into view. It is wielding a +0 halberd.
A gnoll comes into view. It is wielding a +0 whip.
There are monsters nearby!
The gnoll shouts!
You hear a shout! x2
The blast of sand hits the gnoll!
The gnoll is almost dead.
The blast of sand misses the gnoll.
The blast of sand hits the gnoll!
You kill the gnoll!
The blast of sand hits the gnoll!
The gnoll is almost dead.
The gnoll closely misses you. x2
The blast of sand hits the gnoll!
You kill the gnoll!
You can't see any susceptible monsters within range! (Use Z to cast anyway.)
You can't see any susceptible monsters within range! (Use Z to cast anyway.)
You can't see any susceptible monsters within range! (Use Z to cast anyway.)
You can't see any susceptible monsters within range! (Use Z to cast anyway.)
You can't see any susceptible monsters within range! (Use Z to cast anyway.)
You can't see any susceptible monsters within range! (Use Z to cast anyway.)
You can't see any susceptible monsters within range! (Use Z to cast anyway.)
c - a scroll labelled JULOIG SELA You see here a +0 whip.
You see here a +0 halberd.
There is an escape hatch in the ceiling here.
A gnoll comes into view. It is wielding a +0 spear.
The gnoll shouts!
The gnoll moves out of view.
A gnoll sergeant comes into view.
It is wielding a +2 trident of holy wrath.
A gnoll sergeant is nearby!
Unknown command. 2 gnolls come into view.
The gnoll shouts! x2
The blast of sand hits the gnoll!
You kill the gnoll!
The blast of sand hits the gnoll sergeant!
The gnoll sergeant is heavily wounded.
The gnoll sergeant closely misses you.
Casting: Sandblast (safe; 1% risk of failure)
Confirm with . or Enter, or press ? or * to list all spells.
Aiming: Stone Arrow (safe; 1% risk of failure)
Press: ? - help, Shift-Dir - straight line, f/p - gnoll sergeant
Aim: a gnoll sergeant, wielding a +2 trident of holy wrath, wearing a +0 ring mail and wearing a +0 kite shield (heavily wounded, 84% to hit)
The stone arrow hits the gnoll sergeant!!
You kill the gnoll sergeant!
The blast of sand misses the gnoll.
The blast of sand hits the gnoll!
You kill the gnoll!
The gnoll hits you with a +0 whip. x2
The blast of sand hits the gnoll!
You kill the gnoll!
Things that are here:
a +0 whip; a gnoll corpse
Things that are here:
a +2 trident of holy wrath; a +0 ring mail; a +0 kite shield Amaemon the Diabolical Poisoner comes into view.
He is wielding a -2 demon whip of venom.
Amaemon shouts!
You hear a screech!
You hear a bellow!
Amaemon casts a spell at something.
You hear a bellow! x2 2 yaks come into view.
Found a falchion.
Found a stone staircase leading down.
The yak bellows!
A yak comes into view.
Casting: Sandblast (safe; 1% risk of failure)
Confirm with . or Enter, or press ? or * to list all spells.
Aiming: Stone Arrow (safe; 1% risk of failure)
Press: ? - help, Shift-Dir - straight line, f - yak
Aim: a yak (84% to hit)
The stone arrow hits the yak!!
The yak is severely wounded.
Casting: Stone Arrow (safe; 1% risk of failure)
Confirm with . or Enter, or press ? or * to list all spells.
Aiming: Stone Arrow (safe; 1% risk of failure)
Press: ? - help, Shift-Dir - straight line, f/p - yak
Aim: a yak (severely wounded, 84% to hit)
Okay, then.
The blast of sand hits the yak!
You kill the yak!
An orange demon comes into view.
Aiming: Throw Flame
Press: ? - help, Shift-Dir - straight line, f - Amaemon
Aim: Amaemon, wielding a -2 demon whip of venom (60% to hit)
The puff of flame hits Amaemon.
Amaemon is lightly wounded.
You slash the yak! You freeze the yak!
The yak is severely wounded.
The yak barely misses you.
The orange demon no longer looks unusually toxic.
You slash the yak! You freeze the yak.
You kill the yak!
Amaemon hits you with a -2 demon whip of venom.
Amaemon closely misses you. Amaemon tail-slaps you.
Your Spellcasting skill increases to level 11!
Casting: Sandblast (safe; 1% risk of failure)
Confirm with . or Enter, or press ? or * to list all spells.
Aiming: Stone Arrow (safe; 1% risk of failure)
Press: ? - help, Shift-Dir - straight line, f/p - Amaemon
Aim: Amaemon, wielding a -2 demon whip of venom (lightly wounded, 67% to hit)
The stone arrow hits Amaemon!!
Amaemon is moderately wounded.
Amaemon hits you with a -2 demon whip of venom.
Amaemon closely misses you. x2
Casting: Stone Arrow (safe; 1% risk of failure)
Confirm with . or Enter, or press ? or * to list all spells.
Aiming: Stone Arrow (safe; 1% risk of failure)
Press: ? - help, Shift-Dir - straight line, f/p - Amaemon
Aim: Amaemon, wielding a -2 demon whip of venom (moderately wounded, 67% to hit)
The stone arrow hits Amaemon!
Amaemon is heavily wounded.
Amaemon hits you with a -2 demon whip of venom!
You are poisoned.
Amaemon closely misses you. Amaemon tail-slaps you.
You are more poisoned.
Amaemon poisons you!
A yak comes into view.
You feel extremely sick.
You closely miss Amaemon.
Amaemon is moderately wounded.
You feel extremely sick. Amaemon barely misses you. Amaemon closely misses you.
Amaemon tail-slaps you but does no damage.
The orange demon stings you but does no damage. x2
Amaemon sighs, "Demons are the only companions you can really rely on."
Amaemon hits you with a -2 demon whip of venom.
Amaemon claws you. Amaemon closely misses you.
Okay, then.
Okay, then.
As you read the scroll labelled JULOIG SELA, it crumbles to dust.
You feel aware of your surroundings.
You sensed 5 altars.
It was a scroll of magic mapping.
You feel very sick.
Amaemon hits you with a -2 demon whip of venom.
You are more poisoned.
Amaemon claws you. Amaemon misses you. The orange demon barely misses you.
Are you sure you want to abandon this character and quit the game? (Confirm with "yes".)

######....#
#.....##.########.,,,
........#.###.#.#.##.#
**,*,
######<##.......).)..#
*,*** * #.##.#.#.#.#)####
**,*, * #.##.#.#.....# **,,
* #.####*###.### *,, *
#.#***** #.# *,, * ###*,,,*
#.##### *******,, * *,,,*
#.@64Y#* *,,,,,,,, *
*******#####Y.#* *,*****,*
* **** *,,,,,* **...#**,*
*,* ***,,* *,,_,,*
***,.†..#*,* *,* ,,,,,*
*,,,,,***,,,.>...#,* *,*
**,,,*****+****,,,,..)....*
*,, ,,,,,,**,*,*
*,,,,,.....#.*****,*
**,,,,**,,,*
*****,......,,,,,,,*
***,*,**,***
**,,,,,,,,,,,,,*


You could see Amaemon, an orange demon and 2 yaks.

Vanquished Creatures
  An ugly thing (D:11)
  A troll (D:10)
  A wyvern (D:7)
  A wraith (D:10)
  2 yaks (D:10)
  Menkaure (D:4)
  A black bear (D:6)
  An ice beast (D:8)
  An ogre (D:4)
  2 centaurs (D:9)
  2 phantoms
  A kobold brigand (D:6)
  Blork the orc (D:6)
  2 bullfrogs (D:6)
  A gnoll sergeant (D:10)
  A scorpion (D:7)
  A killer bee (D:10)
  2 jellies
  3 hounds
  An orc priest (D:9)
  2 iguanas
  6 orc wizards
  17 gnolls
  4 adders
  A shadow imp (D:8)
  A dart slug (D:2)
  11 orcs
  3 ball pythons
  A bat (D:1)
  3 endoplasms
  4 giant cockroaches
  A goblin (D:1)
  A hobgoblin (D:3)
  6 jackals
  A quokka (D:3)
  2 frilled lizards
  7 kobolds
  A rat (D:2)
99 creatures vanquished.

Notes
Turn   | Place    | Note
-------+----------+-------------------------------------------
     0 | D:1      | sentinel the Meteoran Earth Elementalist began the quest
                  | for the Orb.
     0 | D:1      | Reached XP level 1. HP: 14/14 MP: 5/5
    66 | D:1      | Reached XP level 2. HP: 18/20 MP: 1/6
   120 | D:2      | Reached XP level 3. HP: 26/26 MP: 5/8
   125 | D:2      | Learned a level 2 spell: Passwall
   129 | D:2      | Learned a level 3 spell: Stone Arrow
   280 | D:3      | Reached skill level 3 in Spellcasting
   280 | D:3      | Reached skill level 1 in Conjurations
   280 | D:3      | Reached skill level 5 in Earth Magic
   280 | D:3      | Reached XP level 4. HP: 32/33 MP: 4/9
   349 | D:4      | Noticed an ogre
   354 | D:4      | Noticed Menkaure
   357 | D:4      | Killed an ogre
   358 | D:4      | Reached skill level 4 in Spellcasting
   358 | D:4      | Reached XP level 5. HP: 17/38 MP: 1/12
   399 | D:4      | Found a radiant altar of Vehumet.
   415 | D:4      | Found a staircase to the Ecumenical Temple.
   415 | D:4      | Noticed a phantom
   426 | D:4      | Killed a phantom
   427 | D:4      | Reached skill level 5 in Spellcasting
   427 | D:4      | Reached skill level 1 in Fighting
   427 | D:4      | Reached XP level 6. HP: 27/48 MP: 6/14
   433 | D:4      | Killed Menkaure
   434 | D:4      | Reached XP level 7. HP: 19/58 MP: 0/15
   440 | Temple   | Entered the Ecumenical Temple
   552 | D:5      | Entered Level 5 of the Dungeon
   641 | D:6      | Reached skill level 6 in Spellcasting
   675 | D:6      | Reached skill level 7 in Spellcasting
   675 | D:6      | Reached XP level 8. HP: 44/66 MP: 1/19
   716 | D:6      | Learned a level 1 spell: Apportation
   720 | D:6      | Noticed Blork the orc
   724 | D:6      | Killed Blork the orc
   757 | D:6      | Noticed a troll
   757 | D:6      | Noticed a yak
   774 | D:6      | Reached skill level 1 in Translocations
   816 | D:7      | Noticed a wyvern
   819 | D:7      | Killed a wyvern
   820 | D:7      | Gained mutation: You passively map the area around you.
                  | [Meteoran growth]
   820 | D:7      | Reached XP level 9. HP: 71/71 MP: 15/20
   880 | D:8      | Reached skill level 5 in Translocations
   889 | D:8      | Found a burning altar of Makhleb.
   889 | D:8      | Found a bloodstained altar of Trog.
  1209 | D:9      | Reached skill level 8 in Spellcasting
  1224 | D:9      | Found a hide-covered altar of Uskayaw.
  1226 | D:9      | Found a hazy altar of Hepliaklqana.
  1240 | D:10     | Entered Level 10 of the Dungeon
  1246 | D:10     | Noticed a troll
  1252 | D:10     | Killed a troll
  1254 | D:11     | Noticed a purple ugly thing
  1258 | D:11     | Killed a purple ugly thing
  1259 | D:11     | Reached skill level 9 in Spellcasting
  1259 | D:11     | Reached XP level 10. HP: 68/78 MP: 4/24
  1277 | D:10     | Reached skill level 10 in Spellcasting
  1309 | D:10     | Noticed Amaemon
  1312 | D:10     | Noticed an orange demon
  1317 | D:10     | Reached skill level 11 in Spellcasting
  1322 | D:10     | Quit the game

Illustrated notes

Levels and vault maps discovered:
D:1:      lightli_arrival_quake, layout_rooms,
          shapermc_ecumenical_altar_hornbeckon
D:2:      cheibrodos_helix_gallery, layout_basic, dreamdust_princess_bridge
D:3:      layout_basic, pdpol_wu_jian_five_deadly_venoms
D:4:      layout_loops_ring, vehumet_crystals, minmay_temple_entry_arrows,
          serial_park_tiny_1, minmay_goblin_kobold_house, uniq_sigmund,
          uniq_menkaure, uniq_edmund
D:5:      layout_basic, overflow_temple_1_default, hex_intersection
D:6:      layout_basic, lightli_corner_chamber, uniq_blork_the_orc
D:7:      nzn_winding_woodlands_small [nzn_winding_woodlands_5x15_eye,
          nzn_winding_woodlands_center_lodge,
          nzn_winding_woodlands_5x15_parted], layout_basic, tgw_kikubaaqudgha,
          nemelex_diamond_rough_becter, uniq_duvessa, uniq_joseph
D:8:      layout_loops_cross, mainiacjoe_overflow_alcove_4,
          mainiacjoe_overflow_divided_tiny, lair_entry_dummy
D:9:      layout_loops_ring, grunt_temple_overflow_open
D:10:     layout_loops_ring, nicolae_tso_swordbearing_angel,
          nicolae_dithmenos_the_darkroom, mainiacjoe_overflow_six_doors_small,
          kennysheep_mini, zin_scriptorium, uniq_amaemon
D:11:     layout_irregular_city, orc_0_dummy, muffindrake_ghost_dual_entry,
          serial_shops, nicolae_lakefront_shop, serial_ice, serial_ice_i,
          serial_ice_m, serial_ice_c, serial_ice_d,
          portal_ice_cave_entry_pillars_2, serial_park_tiny_1,
          serial_park_tiny_2, uniq_josephine
Temple:   hellmonk_temple_two_chambers

Skill      XL: |  1  2  3  4  5  6  7  8  9 10 |
---------------+-------------------------------+-----
Earth Magic    | 4 5 8 |  8.0
Spellcasting   | 3 4 5 7 9 11 | 11.1
Conjurations   | 1 2 3 |  3.0
Fighting       | 1 3 4 |  4.0
Translocations | 4 7 |  7.0
Dodging        | |  2.4
Stealth        | |  1.4
Transmutations | |  1.2

Action                   |  1- 3 |  4- 6 |  7- 9 | 10-12 || total
-------------------------+-------+-------+-------+-------++-------
Melee: Triple sword      |       |     2 |     8 |     3 ||    13
 Cast: Sandblast         |    29 |     9 |    87 |    11 ||   136
       Passwall          |     3 |       |    22 |       ||    25
       Stone Arrow       |       |     6 |    22 |     7 ||    35
       Apportation       |       |       |     7 |       ||     7
Evoke: Wand              |       |       |       |     1 ||     1
  Use: Scroll            |       |       |    12 |     1 ||    13
Armor: Robe              |     3 |     1 |    26 |     3 ||    33
Dodge: Dodged            |    11 |    13 |    51 |    17 ||    92
